[Event "*** MasterClass Titled Tuesday Blitz"]
[Site "Chess.com"]
[Date "2017.12.12"]
[Round "4"]
[White "GeorgMeier"]
[Black "kereswasbest"]
[Result "1-0"]
[WhiteElo "2782"]
[BlackElo "2225"]
[TimeControl "180+2"]
[EndTime "13:50:17 PST"]
[Termination "GeorgMeier won by resignation"]

1. Nf3 e6 2. g3 d5 3. Bg2 Nf6 4. O-O Be7 5. c4 O-O 6. d4 b6 7. cxd5 exd5 8. Nc3 Bb7 9. b3 c5 10. Bb2 Nc6 11. Rc1 cxd4 12. Nxd4 Nxd4 13. Qxd4 Bc5 14. Qd3 d4 15. Bxb7 dxc3 16. Qxc3 Rb8 17. Bf3 Qe7 18.
Rfd1 Rbc8 19. Qe5 Rce8 20. Qxe7 Rxe7 21. e3 a5 22. Kf1 Nd7 23. Ke2 Ne5 24. Bd5 g5 25. h3 h5 26. Rc2 Kh7 27. Be4+ f5 28. Rd5 fxe4 29. Rxe5 Rxe5 30. Bxe5 Re8 31. Bd4 Bxd4 32.
exd4 Re6 33. Ke3 Kg6 34. d5 Re5 35. Rd2 Kf7 36. Rd4 b5 37. d6 Ke6 38. d7 1-0

[Event "*** MasterClass Titled Tuesday Blitz"]
[Site "Chess.com"]
[Date "2017.12.12"]
[Round "4"]
[White "MaxLeto"]
[Black "nurmiTV"]
[Result "0-1"]
[WhiteElo "2399"]
[BlackElo "2454"]
[TimeControl "180+2"]
[EndTime "13:50:26 PST"]
[Termination "nurmiTV won by resignation"]

1. b3 e5 2. Bb2 Nc6 3. e3 Nf6 4. Bb5 Bd6 5. Ne2 O-O 6. Ng3 a6 7. Be2 Re8 8. h4 e4 9. Nc3 Be5 10. Nh5 d5 11. d4 exd3 12. Qxd3 Nxh5 13. Bxh5 g6 14. Bf3 Nb4 15. Qd2 Bf5 16. O-O-O Bxc2 17. Rde1 Bf5 18. Be2 d4 19. exd4 Bxd4 20. a3 Rxe2 21.
Rxe2 Nd3+ 22. Kd1 Nxb2+ 23. Ke1 Bxc3 0-1

[Event "*** MasterClass Titled Tuesday Blitz"]
[Site "Chess.com"]
[Date "2017.12.12"]
[Round "4"]
[White "DrVelja"]
[Black "ENEASZ"]
[Result "0-1"]
[WhiteElo "2537"]
[BlackElo "2420"]
[TimeControl "180+2"]
[EndTime "13:50:30 PST"]
[Termination "ENEASZ won by resignation"]

1. e4 d6 2. d4 Nf6 3. Nc3 e5 4. Nf3 Nbd7 5. g4 Nxg4 6. Rg1 exd4 7. Qxd4 Nde5 8. Be2 Qf6 9. Nxe5 dxe5 10. Nd5 exd4 11.
Nxf6+ Nxf6 12. Bf4 Bb4+ 13. c3 dxc3 14. O-O-O cxb2+ 15. Kxb2 Be6 16. Rxg7 c6 17. Rg3 Rg8 18. Rgd3 Be7 19. Be5 Nxe4 20. Re3 Nxf2 21. Rf1 Ng4 22. Rg3 Rg6 23. Bc3 Nxh2 24. Re3 Ng4 25. Rh3 Nf6 26. Rhf3 Nd5 27. Be5 Rg2 28. R3f2 Rxf2 29. Rxf2 O-O-O 0-1

[Event "*** MasterClass Titled Tuesday Blitz"]
[Site "Chess.com"]
[Date "2017.12.12"]
[Round "4"]
[White "AndrewDGreen"]
[Black "Enzy63"]
[Result "1-0"]
[WhiteElo "2084"]
[BlackElo "2048"]
[TimeControl "180+2"]
[EndTime "13:50:30 PST"]
[Termination "AndrewDGreen won by resignation"]

1. d4 d5 2. Bf4 Nf6 3. e3 c5 4. Nc3 Nc6 5. Nb5 e5 6. dxe5 Ne4 7. Qxd5 Qa5+ 8. c3 Bf5 9. Bc4 Bg6 10. e6 fxe6 11. Qxe6+ Be7 12. Nc7+ Kf8 13. Nxa8 Nxc3 14.
Bc7 Qb4 15. bxc3 Qxc3+ 16. Ke2 Qxa1 17. Qc8+ Be8 18. Qf5+ Bf6 19. Bd6+ Ne7 20. Nc7 Qb2+ 21. Kf3 Bc6+ 22. Kg3 h5 23. Qc8+ 1-0

[Event "*** MasterClass Titled Tuesday Blitz"]
[Site "Chess.com"]
[Date "2017.12.12"]
[Round "4"]
[White "NewBornNow"]
[Black "SenseiJulio"]
[Result "0-1"]
[WhiteElo "2583"]
[BlackElo "2524"]
[TimeControl "180+2"]
[EndTime "13:50:38 PST"]
[Termination "SenseiJulio won by resignation"]

1. e4 e5 2. Nf3 Nc6 3. Bc4 Nf6 4. d3 h6 5. O-O d6 6. c3 g5 7. Re1 Bg7 8. d4 O-O 9. dxe5 dxe5 10.
Qe2 Bg4 11. Nbd2 Nh5 12. g3 Ne7 13. Qe3 Ng6 14. Bf1 Qd7 15. Qd3 Qc8 16. Nc4 Kh8 17. Nfd2 Rd8 18. Qc2 Ngf4 19. gxf4 gxf4 20. f3 Bh3 21.
Nb3 Bf6 22. Qf2 Rg8+ 23. Kh1 Bxf1 24. Rxf1 Qh3 25. Ne3 Ng3+ 26. Qxg3 fxg3 0-1

[Event "*** MasterClass Titled Tuesday Blitz"]
[Site "Chess.com"]
[Date "2017.12.12"]
[Round "4"]
[White "GMHess"]
[Black "cheese111"]
[Result "1-0"]
[WhiteElo "2585"]
[BlackElo "2424"]
[TimeControl "180+2"]
[EndTime "13:50:42 PST"]
[Termination "GMHess won on time"]

1. d4 d5 2. Nf3 Nf6 3. Bf4 e6 4.
e3 Bd6 5. Bg5 O-O 6. Nbd2 Be7 7. Bd3 Nbd7 8. c3 c5 9. Qe2 b6 10.
O-O-O Bb7 11. h4 c4 12. Bc2 b5 13. Ne5 Ne4 14. Nxe4 dxe4 15. Nxd7 Qxd7 16. d5 f6 17. Bxe4 exd5 18. Qc2 1-0

[Event "*** MasterClass Titled Tuesday Blitz"]
[Site "Chess.com"]
[Date "2017.12.12"]
[Round "4"]
[White "saraswathii"]
[Black "Hanging_pointer"]
[Result "0-1"]
[WhiteElo "2255"]
[BlackElo "2290"]
[TimeControl "180+2"]
[EndTime "13:50:43 PST"]
[Termination "Hanging_pointer won by resignation"]

1. d4 Nf6 2. Bf4 d5 3. e3 c5 4. c3 Nc6 5. Nf3 Qb6 6. Qb3 c4 7. Qc2 Bf5 8. Qc1 e6 9. h3 h6 10. Nbd2 Be7 11. Be2 O-O 12. O-O Rac8 13. Re1 Qd8 14. Ne5 Nxe5 15. Bxe5 b5 16. Bxf6 Bxf6 17. Bf3 b4 18. e4 Bg6 19. exd5 exd5 20. Nf1 Qa5 21.
Ne3 Rfd8 22. cxb4 Qxb4 23. Nxd5 Rxd5 24. Bxd5 Bxd4 25. Qf4 Bxb2 26. Rab1 a5 27. h4 c3 0-1

[Event "*** MasterClass Titled Tuesday Blitz"]
[Site "Chess.com"]
[Date "2017.12.12"]
[Round "4"]
[White "vanea_03"]
[Black "Krasimir_Rusev"]
[Result "0-1"]
[WhiteElo "2525"]
[BlackElo "2519"]
[TimeControl "180+2"]
[EndTime "13:50:46 PST"]
[Termination "Krasimir_Rusev won by resignation"]

1. d4 d5 2. c4 dxc4 3. e3 e5 4. Bxc4 exd4 5. exd4 Bd6 6. Nf3 Nf6 7. O-O O-O 8. h3 Nc6 9. Nc3 h6 10. a3 Bf5 11. Be3 a6 12. d5 Ne5 13. Nxe5 Bxe5 14. Bd4 Re8 15. Re1 Qd6 16. Bxe5 Rxe5 17. Qf3 Rae8 18.
Rxe5 Rxe5 19. Ba2 Bg6 20. Qg3 Nh5 21. Qg4 Re8 22. Qd4 Nf4 23. Rd1 Bc2 24. Rc1 Bf5 25. Bb1 Bxb1 26. Rxb1 c5 27. Qd2 b5 28. Re1 Rxe1+ 29. Qxe1 Qg6 30. Qe8+ Kh7 31. Qe4 Nxh3+ 32. Kh2 Nxf2 33. Qf4 Ng4+ 34. Kg1 Nf6 35. d6 Qd3 36. Qe5 b4 37. axb4 cxb4 38. Ne2 Qd1+ 39. Kh2 Ng4+ 0-1

[Event "*** MasterClass Titled Tuesday Blitz"]
[Site "Chess.com"]
[Date "2017.12.12"]
[Round "4"]
[White "RoelandPruijssers"]
[Black "dolynachess"]
[Result "1-0"]
[WhiteElo "2449"]
[BlackElo "2283"]
[TimeControl "180+2"]
[EndTime "13:50:46 PST"]
[Termination "RoelandPruijssers won on time"]

1. e4 e6 2. d4 d5 3. Nc3 dxe4 4. Nxe4 Bd7 5. Nf3 Bc6 6. Bd3 Nd7 7. Qe2 Ngf6 8.
Nxf6+ Nxf6 9. Bd2 Be7 10. Ne5 Qxd4 11. Nxc6 bxc6 12. Bc3 Bb4 13. Bxb4 Qxb4+ 14. c3 Qc5 15. O-O-O O-O 16. h4 Rfd8 17. g4 Nd5 18. Qc2 g6 19.
h5 Nf4 20. Be4 Rd6 21. hxg6 hxg6 22. f3 Rad8 23. Rxd6 Rxd6 24. Qh2 Qe5 25. Kb1 c5 26.
a3 a5 27. Qh6 Rb6 28. Qh4 Rd6 29. Qe7 Kg7 30. Qe8 1-0

[Event "*** MasterClass Titled Tuesday Blitz"]
[Site "Chess.com"]
[Date "2017.12.12"]
[Round "4"]
[White "tteshan"]
[Black "visa"]
[Result "1-0"]
[WhiteElo "2037"]
[BlackElo "2093"]
[TimeControl "180+2"]
[EndTime "13:50:47 PST"]
[Termination "tteshan won by resignation"]

1. d4 e6 2. c4 b6 3. Nc3 Bb7 4. e3 f5 5. Nf3 Nf6 6. Bd3 Be7 7. Bd2 O-O 8. Qe2 Ne4 9. O-O Bf6 10. Bxe4 fxe4 11.
Ne1 c5 12. dxc5 bxc5 13. Qg4 Nc6 14. Nxe4 Bxb2 15. Rb1 Ne5 16. Qe2 Bxe4 17. Rxb2 Qh4 18. f3 Bg6 19. Bc3 Qxc4 20. Bxe5 Qd5 21. Bc3 c4 22.
Qd2 Qxd2 23. Rxd2 d5 24. Nc2 Bd3 25. Rc1 Rab8 26. Nd4 Kf7 27. f4 Rb6 28. Kf2 Rfb8 29. Kf3 Rb1 30. Rxb1 Rxb1 31. Rb2 Rf1+ 32. Kg3 Be4 33.
Rb7+ Kg6 34. Nxe6 Rg1 35. Rb2 h5 36. h4 Re1 37. Bxe1 1-0

[Event "*** MasterClass Titled Tuesday Blitz"]
[Site "Chess.com"]
[Date "2017.12.12"]
[Round "4"]
[White "sandager"]
[Black "inegrepus"]
[Result "0-1"]
[WhiteElo "1964"]
[BlackElo "2045"]
[TimeControl "180+2"]
[EndTime "13:50:49 PST"]
[Termination "inegrepus won by resignation"]

1. e4 c5 2. Nf3 Nc6 3. d4 cxd4 4.
Nxd4 e5 5. Nb5 d6 6. c4 f5 7. exf5 Bxf5 8. Bd3 Be6 9. O-O Nf6 10. Bg5 Be7 11.
Bxf6 gxf6 12. Qc2 a6 13. N5c3 Nd4 14. Qd1 O-O 15. Nd2 f5 16. f4 e4 17. Be2 Bf6 18. Re1 Rc8 19. Nf1 Qb6 20. Kh1 Qxb2 21. Na4 Qa3 22. Nb6 Rc6 23. Nd5 Bxd5 24. cxd5 Rc2 25. Bh5 Kh8 26. Ne3 Rxa2 27. Rc1 Rg8 28. Rc7 Nb5 29. Rf7 Bd4 30. Nxf5 Raxg2 31. Nxd4 Rxh2+ 0-1

[Event "*** MasterClass Titled Tuesday Blitz"]
[Site "Chess.com"]
[Date "2017.12.12"]
[Round "4"]
[White "BillCoe"]
[Black "Blitzstream"]
[Result "0-1"]
[WhiteElo "1898"]
[BlackElo "2488"]
[TimeControl "180+2"]
[EndTime "13:50:53 PST"]
[Termination "Blitzstream won on time"]

1. e4 d5 2. Nf3 dxe4 3. Ng5 Bf5 4. Qe2 Nf6 5. Qb5+ Bd7 6. Qxb7 Nc6 7.
Bc4 e6 8. c3 Rb8 9. Qa6 Rb6 10.
Qa4 Ne5 11. Qxa7 Nxc4 12. b3 Bc5 13. b4 Bd6 14. O-O O-O 15. Re1 Bc6 16. Na3 Nxa3 17. Bxa3 Bxh2+ 18. Kxh2 Ng4+ 19. Kg1 Qxg5 20. Qxc7 Rfb8 21.
Bc1 Qh4 0-1

[Event "*** MasterClass Titled Tuesday Blitz"]
[Site "Chess.com"]
[Date "2017.12.12"]
[Round "4"]
[White "benhal"]
[Black "NateSolon"]
[Result "1-0"]
[WhiteElo "2283"]
[BlackElo "2353"]
[TimeControl "180+2"]
[EndTime "13:50:55 PST"]
[Termination "benhal won by resignation"]

1. e4 c5 2. Nf3 d6 3. d4 Nf6 4.
Nc3 cxd4 5. Nxd4 Nc6 6. Bg5 Bd7 7. f3 e6 8. Qd2 a6 9. O-O-O Be7 10. h4 h6 11. Be3 Qc7 12. g4 Ne5 13. Rg1 Rc8 14. g5 hxg5 15. hxg5 Nh5 16. f4 Nc4 17. Bxc4 Qxc4 18.
f5 g6 19. fxe6 fxe6 20. e5 d5 21. Rdf1 b5 22. Rf6 b4 23. Nb1 Bxf6 24. gxf6 Kf7 25.
b3 Qc7 26. Nf3 Rcf8 27. Qxb4 Rc8 28. Qe7+ Kg8 29. f7+ 1-0

[Event "*** MasterClass Titled Tuesday Blitz"]
[Site "Chess.com"]
[Date "2017.12.12"]
[Round "4"]
[White "gmcorrales"]
[Black "aspired"]
[Result "0-1"]
[WhiteElo "2611"]
[BlackElo "2525"]
[TimeControl "180+2"]
[EndTime "13:50:57 PST"]
[Termination "aspired won by resignation"]

1. e4 e5 2. Nf3 Nc6 3. Bb5 Nf6 4. O-O Nxe4 5. d4 Nd6 6. Bxc6 dxc6 7. dxe5 Nf5 8.
Qxd8+ Kxd8 9. Nc3 Be7 10. h3 h5 11. Bg5 Be6 12. Rad1+ Ke8 13. Bxe7 Kxe7 14. Ng5 Rad8 15. Nxe6 Kxe6 16. f4 Ne3 17. Rxd8 Rxd8 18. Rf2 Nd1 19. Nxd1 Rxd1+ 20. Kh2 h4 21. g4 hxg3+ 22. Kxg3 Kf5 23. a3 c5 24. c3 b5 25. Kh4 g6 26. Kg3 c4 27. Re2 a6 28. e6 Rd3+ 29. Kh4 fxe6 30. Re5+ Kxf4 31. Rxe6 g5+ 32. Kh5 Rxh3+ 33. Kg6 g4 34.
Rf6+ Ke3 35. Rxa6 g3 36. Re6+ Kd2 37. Kf5 g2 38. Rg6 Rh2 39. Ke5 Kc2 40. Kd4 Kxb2 41. Rg3 Kxa3 42. Kc5 Rh5+ 43. Kc6 Kb3 44. Kxc7 g1=Q 45.
Rxg1 Kxc3 46. Kb6 b4 47. Rc1+ Kd3 48. Rd1+ Kc2 49. Rg1 c3 0-1

[Event "*** MasterClass Titled Tuesday Blitz"]
[Site "Chess.com"]
[Date "2017.12.12"]
[Round "4"]
[White "AndreyOstrovskiy"]
[Black "Divertissement"]
[Result "0-1"]
[WhiteElo "2486"]
[BlackElo "2411"]
[TimeControl "180+2"]
[EndTime "13:51:03 PST"]
[Termination "Divertissement won by resignation"]

1. e4 c5 2. Nf3 Nc6 3. d4 cxd4 4. Nxd4 Qb6 5. Nb3 Nf6 6. Nc3 e6 7. Qe2 Bb4 8. Bd2 a5 9. a3 Bxc3 10. Bxc3 e5 11. O-O-O O-O 12. f3 a4 13. Nd2 d5 14.
Qb5 Qxb5 15. Bxb5 d4 16. Bb4 Nxb4 17. axb4 Bd7 18. Bxd7 Nxd7 19. Nc4 Rfc8 20. Nd6 Rc6 21. Nf5 Kf8 22. Kb1 a3 23. bxa3 Rxa3 24. Rd3 Ra8 25.
Rhd1 Rac8 26. R1d2 Nb6 27. Rb3 Na4 28. f4 Nc3+ 29.
Kb2 Ra6 30. Rf2 Ra2+ 31. Kc1 Ra1+ 0-1

[Event "*** MasterClass Titled Tuesday Blitz"]
[Site "Chess.com"]
[Date "2017.12.12"]
[Round "4"]
[White "Babbelbox"]
[Black "Angry_Serb"]
[Result "0-1"]
[WhiteElo "2415"]
[BlackElo "2440"]
[TimeControl "180+2"]
[EndTime "13:51:06 PST"]
[Termination "Angry_Serb won by checkmate"]

1. d4 g6 2. c4 Bg7 3. Nc3 e6 4. e4 Ne7 5. Nf3 d6 6. Bg5 h6 7.
Bh4 g5 8. Bg3 f5 9. h4 f4 10.
Bh2 g4 11. Nd2 e5 12. dxe5 dxe5 13. h5 Nbc6 14. Be2 Nd4 15. Rc1 Qd7 16. Bg1 Bf6 17. f3 g3 18. Nd5 Bg5 19. Bxd4 exd4 20. Nb3 Nc6 21. Nxd4 O-O 22. Nxc6 bxc6 23. Nc3 Qe7 24. Qa4 Qc5 25. Rd1 Rb8 26. b3 Bf6 27. Nb1 Bb2 28. a3 Be6 29. b4 Qf2+ 30. Kd2 Rfd8+ 31.
Kc2 Qxe2+ 32. Kb3 Bxc4# 0-1

[Event "*** MasterClass Titled Tuesday Blitz"]
[Site "Chess.com"]
[Date "2017.12.12"]
[Round "4"]
[White "GMAkobianSTL"]
[Black "mazetofonias"]
[Result "1-0"]
[WhiteElo "2668"]
[BlackElo "2475"]
[TimeControl "180+2"]
[EndTime "13:51:11 PST"]
[Termination "GMAkobianSTL won by resignation"]

1. d4 Nf6 2. c4 e6 3. Nf3 c5 4. d5 d6 5. Nc3 exd5 6. cxd5 g6 7. Bf4 Bg7 8. e3 O-O 9. h3 a6 10. a4 Re8 11. Be2 Nbd7 12. O-O Qc7 13. Nd2 Ne5 14. e4 Nfd7 15. Qc2 b6 16. b3 Bb7 17. Rac1 Rab8 18. Bg3 f6 19. f4 Nf7 20. Bc4 Kh8 21. Qd3 Re7 22. Bxa6 Rbe8 23. Bxb7 Qxb7 24. Nc4 Qc7 25.
Nb5 Qb8 26. f5 Rxe4 27. Nbxd6 Nxd6 28. Nxd6 Re3 29. Nf7+ Kg8 30. Qxe3 Rxe3 31. Bxb8 Kxf7 32. Bc7 Bh6 33. Rb1 Rd3 34. fxg6+ hxg6 35. Rfd1 Rc3 36. a5 bxa5 37. Bxa5 Rc2 38. Be1 Be3+ 39. Kh1 f5 40. Rd3 Bf4 41. b4 cxb4 42. Bxb4 Be5 43. Re1 Kf6 44. d6 Rc4 45. Ba3 Rc6 46. Rde3 Ke6 47.
Bb2 1-0

[Event "*** MasterClass Titled Tuesday Blitz"]
[Site "Chess.com"]
[Date "2017.12.12"]
[Round "4"]
[White "raviteja81293"]
[Black "Vrolijk"]
[Result "0-1"]
[WhiteElo "2400"]
[BlackElo "2454"]
[TimeControl "180+2"]
[EndTime "13:51:15 PST"]
[Termination "Vrolijk won by checkmate"]

1. d4 Nf6 2. Nf3 e6 3. e3 b6 4. Bd3 Bb7 5. O-O c5 6. c4 cxd4 7. exd4 Be7 8. Nc3 d5 9. cxd5 Nxd5 10. Ne5 O-O 11. Qg4 Nf6 12. Qh4 Nbd7 13. Bg5 Nxe5 14. Bxf6 Nxd3 15. Bxe7 Qd7 16. Bxf8 Rxf8 17. Rab1 Nb4 18. a3 Nd5 19. Nxd5 Qxd5 20. f3 h6 21.
Rbc1 Bc6 22. Rfe1 a5 23. Qe4 Bb7 24. Qxd5 Bxd5 25. Kf2 f5 26. Rc7 Kh7 27. g3 Kg6 28. f4 Rd8 29. Ke3 Kf6 30. Rg1 Be4 31. g4 g5 32.
gxf5 exf5 33. Rd1 Bd5 34. Kd3 gxf4 35. Rh7 Be4+ 36. Ke2 f3+ 37. Kf2 Rc8 38. Rd2 Rg8 39. Kf1 Kg5 40. d5 Kf4 41. d6 Ke3 42. Rd1 f2 43. Re7 Rg1# 0-1

[Event "*** MasterClass Titled Tuesday Blitz"]
[Site "Chess.com"]
[Date "2017.12.12"]
[Round "4"]
[White "krzyzan94"]
[Black "JSPrepz"]
[Result "1-0"]
[WhiteElo "2627"]
[BlackElo "2720"]
[TimeControl "180+2"]
[EndTime "13:51:16 PST"]
[Termination "krzyzan94 won by checkmate"]

1. e4 e5 2. Nf3 Nc6 3. d4 exd4 4. Nxd4 Nf6 5. Nxc6 bxc6 6. e5 Qe7 7. Qe2 Nd5 8. c4 Nb6 9. Nc3 Ba6 10. b3 O-O-O 11.
Bb2 g6 12. O-O-O Bg7 13. f4 f6 14. Qf2 fxe5 15. c5 Bxf1 16. cxb6 Ba6 17. bxc7 Kxc7 18. Qxa7+ Bb7 19. Ba3 d6 20. Kb1 Qe6 21. Nb5+ Kc8 22. Nxd6+ Rxd6 23. Bxd6 Qf5+ 24. Kb2 exf4+ 25. Ka3 Qb5 26.
Qb8+ Kd7 27. Qc7+ Ke6 28. Rhe1+ Kf5 29. Qxg7 Ra8+ 30. Kb2 Kg4 31. Qc3 Qa6 32. Qh3+ Kg5 33. Be7# 1-0

[Event "*** MasterClass Titled Tuesday Blitz"]
[Site "Chess.com"]
[Date "2017.12.12"]
[Round "4"]
[White "ChristopherYoo"]
[Black "StoreySniper"]
[Result "1-0"]
[WhiteElo "2264"]
[BlackElo "2288"]
[TimeControl "180+2"]
[EndTime "13:51:17 PST"]
[Termination "ChristopherYoo won by resignation"]

1. e4 g6 2. d4 Bg7 3. Nc3 c5 4. Nf3 Qa5 5. Be3 cxd4 6. Nxd4 Nf6 7.
Nb3 Qd8 8. Be2 Nc6 9. O-O d6 10. h3 O-O 11. Qd2 Be6 12. Nd4 Bd7 13. Rfe1 Qc8 14.
Bf1 Rd8 15. f4 Nxd4 16. Bxd4 Bc6 17. Bd3 Qc7 18. a4 e5 19. Be3 d5 20. fxe5 Qxe5 21. Bf4 Qd4+ 22. Be3 Qb4 23. exd5 Nxd5 24. Nxd5 Qxd2 25.
Ne7+ Kf8 26. Bxd2 Bxb2 27. Bh6+ Bg7 28. Bxg7+ Kxg7 29. Nxc6 bxc6 30. Re7 Rd4 31. Rf1 Rf8 32. Rxa7 c5 33. Bb5 c4 34. Rc7 1-0

[Event "*** MasterClass Titled Tuesday Blitz"]
[Site "Chess.com"]
[Date "2017.12.12"]
[Round "4"]
[White "aa175"]
[Black "truki"]
[Result "0-1"]
[WhiteElo "1887"]
[BlackElo "2212"]
[TimeControl "180+2"]
[EndTime "13:51:21 PST"]
[Termination "truki won by checkmate"]

1. e4 c5 2. Nf3 e6 3. d4 cxd4 4. Nxd4 Nc6 5. Nc3 Qc7 6. Be3 a6 7. Qd2 Nf6 8. O-O-O b5 9. f3 Be7 10. g4 Nxd4 11. Bxd4 Bb7 12. Kb1 Rc8 13. g5 Nh5 14.
Be3 b4 15. Na4 d5 16. Bd3 dxe4 17. fxe4 O-O 18. Nb6 Rcd8 19. Nc4 Bxe4 20. Bb6 Qc8 21. Bxd8 Rxd8 22. Qe2 Bxh1 23. Rxh1 g6 24. Ne5 Bxg5 25. Bxa6 Qa8 26. Rg1 Nf4 27. Qb5 Bh6 28. b3 Rd5 29. Qc6 Qxc6 30. Nxc6 Bf8 31. Bb7 Rh5 32. Rh1 Ne2 33. Kb2 Bg7+ 34. Kb1 Rh4 35. Ne7+ Kf8 36. Nc6 Nc3+ 37. Kb2 Nd5+ 38. Kc1 h5 39. Rd1 Rxh2 40.
c4 bxc3 41. Ba6 Rxa2 42. Bc4 Ra1+ 43. Kc2 Ne3+ 44. Kd3 Rxd1+ 45. Kxe3 c2 46. Ne5 c1=Q+ 47. Ke4 Re1+ 48. Kf3 Bxe5 49. b4 Qf4+ 50. Kg2 Qg3# 0-1

[Event "*** MasterClass Titled Tuesday Blitz"]
[Site "Chess.com"]
[Date "2017.12.12"]
[Round "4"]
[White "platy3"]
[Black "wonderfultime"]
[Result "1-0"]
[WhiteElo "2595"]
[BlackElo "2709"]
[TimeControl "180+2"]
[EndTime "13:51:24 PST"]
[Termination "platy3 won by resignation"]

1. e4 e6 2. d4 d5 3. Nc3 Bb4 4. e5 c5 5. a3 Bxc3+ 6. bxc3 Qa5 7. Bd2 Qa4 8. Qg4 Kf8 9. Nf3 Ne7 10. Qf4 Ng6 11. Qg5 Nc6 12. Bd3 c4 13. Be2 Qxc2 14. h4 Nge7 15. h5 h6 16. Qg3 Bd7 17. O-O Na5 18. Bd1 Qd3 19. a4 Nb3 20. Ra2 Rc8 21.
Bc2 Nxd2 22. Bxd3 Nxf3+ 23. Qxf3 cxd3 24. Qxd3 Nc6 25. a5 Ke7 26. Rb1 Rc7 27. Qb5 Rhc8 28. Rab2 Ke8 29. Qc5 Nxe5 30. Qxa7 Nc6 31. Qc5 Nd8 32.
Qd6 Rxc3 33. Rxb7 Nxb7 34. Rxb7 R3c6 35. Qxd7+ 1-0

[Event "*** MasterClass Titled Tuesday Blitz"]
[Site "Chess.com"]
[Date "2017.12.12"]
[Round "4"]
[White "Vamostodorecto"]
[Black "BjarkeSahl"]
[Result "1-0"]
[WhiteElo "2325"]
[BlackElo "2220"]
[TimeControl "180+2"]
[EndTime "13:51:24 PST"]
[Termination "Vamostodorecto won by resignation"]

1. d4 d5 2. c4 c6 3. Nc3 Nf6 4. Nf3 dxc4 5. e3 e6 6. Bxc4 a6 7. O-O c5 8. Qe2 cxd4 9. Rd1 Nc6 10. exd4 Be7 11. d5 exd5 12. Nxd5 Nxd5 13. Bxd5 Qc7 14. g3 Kf8 15. Bf4 Qb6 16. Re1 Qc5 17. Bb3 Bg4 18.
Rac1 Qb5 19. Bc4 Qh5 20. Rc3 Re8 21. Qd3 Rd8 22. Qe4 Bf5 23. Qe3 h6 24. Bxa6 g5 25.
Bc7 Rd7 26. Bxb7 Rxc7 27. Bxc6 Bf6 28. Rcc1 Kg7 29. Nd4 Bh3 30. Qf3 Re7 1-0

[Event "*** MasterClass Titled Tuesday Blitz"]
[Site "Chess.com"]
[Date "2017.12.12"]
[Round "4"]
[White "gammagramma"]
[Black "GameOverBro"]
[Result "1-0"]
[WhiteElo "2465"]
[BlackElo "2249"]
[TimeControl "180+2"]
[EndTime "13:51:25 PST"]
[Termination "gammagramma won by resignation"]

1. d4 d6 2. Nf3 Nf6 3. Bf4 Nbd7 4. e3 Nh5 5. Bg5 h6 6. Bh4 g5 7.
Nfd2 Ndf6 8. Bg3 Bg7 9. Nc3 c6 10. Bd3 b5 11. a3 Bb7 12. e4 Nxg3 13. hxg3 a6 14. e5 dxe5 15. dxe5 Nd5 16. e6 Nxc3 17. exf7+ Kf8 18. bxc3 Bxc3 19. Kf1 Qd5 20. Ne4 Bg7 21. Rc1 Rd8 22. Qh5 c5 23. Rd1 Qe5 24. f4 Qb2 25. Nxc5 Bd5 26. Be4 e6 27. Nxe6+ Bxe6 28. Rxd8+ Ke7 29.
Re8+ Kd6 30. Qd1+ Kc5 31. Rxh8 Bd4 32. f8=Q+ 1-0

[Event "*** MasterClass Titled Tuesday Blitz"]
[Site "Chess.com"]
[Date "2017.12.12"]
[Round "4"]
[White "TheBigBoss04"]
[Black "Msb2"]
[Result "0-1"]
[WhiteElo "2490"]
[BlackElo "2670"]
[TimeControl "180+2"]
[EndTime "13:51:27 PST"]
[Termination "Msb2 won on time"]

1. Nf3 d5 2. g3 Bg4 3. Ne5 Bh5 4. Bg2 Nd7 5. Nf3 Ngf6 6. d3 e5 7. O-O Bd6 8. Qe1 O-O 9. e4 c6 10. Nbd2 Re8 11. h3 Nc5 12. Nh4 Bf8 13. Nb3 dxe4 14.
dxe4 Ne6 15. Nf5 a5 16. a4 Qc7 17. Bd2 b6 18. Be3 Nd7 19. Nd2 f6 20. Bf3 Bf7 21.
h4 Rad8 22. Qe2 Ndc5 23. Rfd1 g6 24. Nh6+ Bxh6 25. Bxh6 Nd4 26. Qf1 Nxc2 27. Rac1 Nd4 28. Bg2 Ndb3 29. Nxb3 Bxb3 30. Rxd8 Rxd8 31. Be3 Ne6 32.
h5 Nd4 33. hxg6 hxg6 34. Rc3 Be6 35. f4 Bg4 36. Qc4+ Kg7 37. Kf2 Be6 38. Qf1 c5 39.
Qc1 Rh8 0-1

[Event "*** MasterClass Titled Tuesday Blitz"]
[Site "Chess.com"]
[Date "2017.12.12"]
[Round "4"]
[White "Bryakin_Mikhail"]
[Black "walkingcreep"]
[Result "1/2-1/2"]
[WhiteElo "2539"]
[BlackElo "2402"]
[TimeControl "180+2"]
[EndTime "13:51:30 PST"]
[Termination "Game drawn by repetition"]

1. d4 Nf6 2. c4 g6 3. Nc3 Bg7 4. e4 d6 5. h3 O-O 6. Be3 c5 7. Nf3 cxd4 8. Nxd4 b6 9. Bd3 Bb7 10. O-O Nbd7 11. Bc2 Rc8 12. Qe2 a6 13. Rac1 Ne5 14. b3 b5 15. f4 Ned7 16. Bb1 bxc4 17. bxc4 Qa5 18. Nd5 Nxd5 19. cxd5 Nc5 20. Nb3 Nxb3 21. axb3 Qb4 22. Qd3 a5 23. Rxc8 Rxc8 24. Bd2 Qb6+ 25. Be3 Qa6 26. Rc1 Rxc1+ 27. Bxc1 Qb6+ 28. Be3 Qb4 29. Bd2 Qc5+ 30. Be3 Qa3 31. Kh2 Qb2 32. Qc2 Qxc2 33.
Bxc2 Bc3 34. Bd3 Kg7 35. Kg3 h5 36. Kf3 Bc8 37. g4 hxg4+ 38. hxg4 Bd7 39. Bc2 e6 40.
Bb6 exd5 41. exd5 Kf8 42. g5 Ke7 43. Ke3 Bb5 44. Bd4 Bb4 45. Bf6+ Kd7 46. Bd3 Bxd3 47. Kxd3 Kc7 48. Bd4 Kb7 49. Kc4 Ka6 50. Be3 Be1 51. Bc1 Bf2 52. Bd2 Kb6 53. Bc1 Bc5 54. Bd2 Bf2 55.
Bc1 Bc5 56. Bd2 Bf2 57. Bc1 1/2-1/2

[Event "*** MasterClass Titled Tuesday Blitz"]
[Site "Chess.com"]
[Date "2017.12.12"]
[Round "4"]
[White "grzechu96"]
[Black "GMKrikor"]
[Result "0-1"]
[WhiteElo "2442"]
[BlackElo "2650"]
[TimeControl "180+2"]
[EndTime "13:51:33 PST"]
[Termination "GMKrikor won by resignation"]

1. e4 c5 2. Nf3 d6 3. d4 cxd4 4. Nxd4 Nc6 5. Nc3 e6 6. g4 Nge7 7. Be3 Nxd4 8. Qxd4 Nc6 9. Qd2 a6 10. Bg2 Ne5 11. Qe2 Qc7 12. O-O-O Be7 13. f4 Nc4 14. Bd4 O-O 15. h4 b5 16. a3 Rb8 17.
h5 b4 18. axb4 Rxb4 19. b3 Ne5 20. Na2 Rxb3 21. h6 g6 22. Rh3 Rxh3 23. Bxh3 Nc4 24. Bc3 e5 25. Qd3 exf4 26. Qd4 Ne5 27. Kb1 Be6 28. Nb4 Rb8 29. Kc1 Rc8 30. Kb2 Bf6 0-1

[Event "*** MasterClass Titled Tuesday Blitz"]
[Site "Chess.com"]
[Date "2017.12.12"]
[Round "4"]
[White "TST2014"]
[Black "windking123"]
[Result "0-1"]
[WhiteElo "2260"]
[BlackElo "2384"]
[TimeControl "180+2"]
[EndTime "13:51:34 PST"]
[Termination "windking123 won by resignation"]

1. d4 d5 2. c4 e6 3. Nf3 Nf6 4. Nc3 Be7 5. Bf4 O-O 6. e3 b6 7. cxd5 Nxd5 8. Nxd5 exd5 9. Bd3 Bb4+ 10. Nd2 c5 11.
dxc5 bxc5 12. a3 Ba5 13. Qc2 h6 14. Qxc5 Bxd2+ 15. Kxd2 Ba6 16. Rhd1 Bxd3 17. Kxd3 Qf6 18. Qd4 Qg6+ 19. Ke2 Nc6 20. Qd3 Qxg2 21. Qxd5 Qg4+ 22. Qf3 Qe6 23. Rac1 Ne5 24. Qg3 Qa6+ 25. Ke1 Nd3+ 26. Rxd3 Qxd3 27. Bxh6 Qh7 28. Bf4 Rac8 29. Bc7 Qe4 30. Ke2 Rfe8 31. Be5 Rc2+ 32. Rxc2 Qxc2+ 33. Kf1 Qd1+ 34. Kg2 Qd5+ 35. f3 Qxe5 36. Qxe5 Rxe5 37. e4 Rb5 38. b4 a5 39. bxa5 Rxa5 40. Kg3 Rxa3 41.
Kf4 f6 42. h4 Kf7 43. h5 Ra1 44. Kg4 Rg1+ 45. Kf4 Rg5 46. e5 Rxe5 47. Kg4 Rg5+ 48.
Kh4 Ke6 49. f4 Rg1 50. h6 gxh6 51. Kh5 Kf5 52. Kxh6 Kxf4 0-1